Map: Winter's Gate LE

Players

Maru

  • Race: Terran Terran
  • Spawn Location: 5:00

TIME (Oliveira) - Winner!

  • Race: Terran Terran
  • Spawn Location: 11:00

Event: 2019 WCS Global FInals

VOD

Have the link to the VOD?

Description

Time

  • Played on: Oct. 24, 2019, 11:14 p.m.
  • Length: 12:44

All games in this series

Show
View Real Time Build Order
Export as new Build Order

Maru Terran 

Build Orders:  

Get SALT Encoding   

  12  0:00  SCV  
  13  0:12  SCV  
  14  0:17  Supply Depot  
  14  0:24  SCV  
  15  0:29  Refinery  
  15  0:38  SCV  
  16  0:43  Barracks  
  16  0:50  SCV  
  16  0:54  Refinery  
  17  1:02  SCV  
  18  1:15  SCV  
  19  1:30  Orbital Command  
  19  1:31  Reaper  
  20  1:35  Factory  
  20  1:44  Supply Depot  
  20  1:55  SCV  
  21  2:03  Reaper  
  21  2:07  SCV  
  23  2:20  Hellion  
  23  2:21  SCV  
  26  2:28  Command Center  
  26  2:33  SCV  
  26  2:35  Barracks Reactor  
  27  2:40  Supply Depot  
  27  2:42  Factory Tech Lab  
  27  2:45  SCV  
  28  2:51  Starport  
  28  2:57  SCV  
  29  3:04  Cyclone  
  32  3:12  Marine x2  
  33  3:13  SCV  
  34  3:20  Refinery  
  34  3:25  SCV  
  35  3:30  Marine x2  
  37  3:40  Siege Tank, Orbital Command  
  40  3:44  Medivac  
  40  3:47  SCV  
  43  3:56  Marine x2  
  43  3:58  Supply Depot  
  43  4:00  SCV  
  46  4:06  SCV  
  47  4:12  SCV  
  47  4:13  Siege Tank  
  47  4:15  Starport Tech Lab  
  51  4:20  Supply Depot, SCV  
  51  4:23  Marine x2  
  54  4:30  SCV  
  55  4:33  Raven, SCV  
  58  4:43  SCV  
  58  4:45  SCV  
  60  4:54  Command Center  
  60  4:55  SCV  
  60  4:57  SCV  
  62  5:08  SCV  
  62  5:11  Marine, SCV  
  62  5:12  Siege Tank, Marine  
  69  5:15  Supply Depot  
  69  5:22  Raven, SCV  
  69  5:23  SCV  
  73  5:31  Refinery  
  73  5:32  Barracks  
  73  5:33  Barracks  
  73  5:35  SCV  
  74  5:39  SCV  
  74  5:47  SCV  
  75  5:51  SCV  
  75  5:52  Engineering Bay  
  75  5:54  Engineering Bay  
  76  5:59  SCV  
  76  6:03  SCV  
  78  6:06  Orbital Command  
  78  6:11  SCV  
  79  6:12  Siege Tank, Marine, Stimpack  
  79  6:16  Viking x2  
  86  6:20  Barracks Reactor x2  
  86  6:21  SCV  
  87  6:28  Supply Depot  
  87  6:31  Orbital Command  
  87  6:33  SCV  
  87  6:36  SCV  
  89  6:42  Marine  
  89  6:44  Siege Tank  
  89  6:45  SCV  
  94  6:48  SCV  
  94  6:49  Viking x2  
  99  6:57  SCV x2  
  99  6:58  Marine  
  99  6:59  Marine x2  
  99  7:00  Supply Depot, SCV  
  104  7:09  SCV x2  
  104  7:11  Marine x2  
  104  7:13  Supply Depot, SCV  
  109  7:21  Siege Tank, Marine x2, SCV  
  115  7:22  Supply Depot  
  115  7:23  Supply Depot  
  115  7:24  Viking  
  115  7:29  Refinery x2  
  117  7:31  Supply Depot  
  117  7:32  Supply Depot  
  117  7:34  Viking  
  117  7:35  Barracks  
  119  7:37  Barracks  
  119  7:39  Liberator  
  119  7:43  SCV  
  120  7:47  Liberator  
  120  7:49  Marine  
  119  7:52  Marine  
  119  7:54  Siege Tank, Marine x2  
  119  7:59  SCV x3  
  125  8:08  Marine x2  
  125  8:11  SCV  
  125  8:13  Marine x2  
  125  8:14  Marine  
  125  8:17  SCV x2  
  127  8:22  Liberator  
  127  8:24  Engineering Bay  
  127  8:25  Engineering Bay  
  127  8:26  Marine x2  
  126  8:31  Marine  
  126  8:32  Marine x2  
  129  8:39  Barracks Reactor x2  
  129  8:40  Siege Tank  
  119  8:43  Combat Shield  
  119  8:44  Marine x2, SCV x2  
  119  8:46  Refinery  
  119  8:47  Refinery  
  119  8:48  SCV  
  122  8:49  Marine  
  122  8:50  Marine x2  
  122  8:51  Viking  
  127  8:58  SCV  
  127  9:02  Marine x2  
  127  9:06  Marine  
  127  9:08  Marine x2  
  130  9:12  Siege Tank  
  130  9:14  Terran Infantry Weapons Level 1  
  130  9:15  Terran Infantry Armor Level 1  
  133  9:17  Marine x4  
  133  9:19  Marine  
  133  9:20  Marine  
  136  9:24  Marine  
  136  9:25  Marine  
  136  9:26  Marine  
  111  9:33  Medivac x2  
  111  9:34  Marine, SCV x2  
  111  9:35  Marine x3, SCV  
  111  9:37  Marine  
  123  9:45  Siege Tank  
  126  9:46  Armory  
  126  9:48  Command Center  
  126  9:50  Marine x4  
  126  9:52  Sensor Tower  
  130  9:55  Factory  
  130  10:00  Marine  
  130  10:01  Marine  
  130  10:06  SCV  
  129  10:07  Viking  
  129  10:08  Viking  
  128  10:14  Marine x2  
  128  10:18  Marine x2  
  128  10:20  Marine x4  
  128  10:21  Marine  
  109  10:22  SCV x2  
  109  10:27  SCV  
  99  10:32  Marine  
  99  10:34  SCV x2  
  102  10:38  Marine x4  
  102  10:39  Siege Tank  
  102  10:41  SCV  
  110  10:45  Barracks Reactor  
  110  10:46  SCV  
  111  10:51  Marine x3  
  111  10:53  Siege Tank  
  117  10:59  Viking x2  
  121  11:11  Marine x3, Missile Turret  
  121  11:12  Marine x4  
  121  11:13  Siege Tank  
  121  11:18  Marine  
  132  11:26  Marine x2  
  132  11:29  Siege Tank, Marine x5  
  142  11:32  Supply Depot  
  142  11:38  Marine x3  
  144  11:42  Viking x2  
  144  11:43  Marine  
  144  11:46  SCV  
  150  11:49  Supply Depot  
  150  11:57  Marine  
  150  11:58  Marine x5  
  156  12:02  Supply Depot  
  156  12:03  Missile Turret  
  156  12:04  Sensor Tower  
  156  12:05  Missile Turret  
  156  12:08  Marine  
  156  12:10  SCV x3  
  156  12:13  Viking  
  162  12:18  Starport  
  162  12:19  Starport  
  162  12:22  SCV  
Show
View Real Time Build Order
Export as new Build Order

TIME Terran - Winner!

Build Orders:  

Get SALT Encoding   

  12  0:00  SCV  
  13  0:12  SCV  
  14  0:17  Supply Depot  
  14  0:25  SCV  
  15  0:38  SCV  
  15  0:41  Barracks  
  16  0:46  Refinery  
  16  0:50  SCV  
  17  1:01  Barracks  
  17  1:03  SCV  
  18  1:15  SCV  
  19  1:29  Reaper, Orbital Command  
  19  1:32  Supply Depot  
  20  1:49  Reaper  
  21  1:54  SCV  
  22  2:06  Reaper  
  23  2:11  Command Center  
  23  2:14  SCV  
  24  2:18  Refinery  
  24  2:22  Marine  
  25  2:26  SCV  
  26  2:30  Bunker  
  26  2:38  SCV  
  26  2:39  Marine  
  26  2:44  Factory  
  28  2:50  SCV  
  29  3:01  Barracks Reactor  
  29  3:02  SCV  
  30  3:14  SCV  
  31  3:22  Refinery  
  31  3:23  Orbital Command  
  31  3:26  SCV  
  32  3:27  Factory Tech Lab  
  32  3:30  Starport  
  32  3:38  SCV  
  33  3:43  Command Center  
  33  3:49  SCV  
  33  3:50  SCV  
  33  3:54  Siege Tank  
  38  3:59  Marine x2  
  38  4:01  SCV  
  41  4:04  SCV  
  42  4:10  Viking  
  42  4:14  Supply Depot  
  44  4:18  SCV  
  44  4:19  SCV  
  46  4:26  Barracks Tech Lab  
  46  4:35  Cyclone, Marine x2, SCV x2  
  53  4:38  Supply Depot  
  53  4:40  Starport Tech Lab  
  53  4:47  Stimpack  
  53  4:48  Marine  
  54  4:54  Marine, SCV x2  
  57  5:03  Supply Depot, Marine  
  57  5:07  Raven  
  59  5:10  Marine, SCV  
  59  5:12  Siege Tank, Orbital Command  
  65  5:14  SCV  
  65  5:16  Marine  
  67  5:22  Marine  
  67  5:25  SCV  
  67  5:26  SCV  
  70  5:28  Barracks, Marine  
  70  5:32  Supply Depot  
  70  5:34  Marine  
  72  5:37  SCV  
  72  5:38  SCV  
  72  5:41  Marine  
  72  5:42  Orbital Command  
  75  5:46  Siege Tank  
  75  5:49  SCV  
  79  5:50  Marine, SCV  
  79  5:54  Engineering Bay x2  
  79  5:55  Supply Depot  
  79  5:56  Refinery  
  81  5:57  Starport Reactor  
  81  6:01  SCV  
  81  6:02  SCV  
  83  6:08  SCV  
  83  6:11  Marine  
  85  6:13  SCV  
  85  6:15  Marine  
  85  6:17  Barracks Reactor  
  87  6:19  Barracks, Siege Tank  
  87  6:20  Terran Infantry Weapons Level 1, Terran Infantry Armor Level 1  
  87  6:22  SCV  
  87  6:24  SCV, Missile Turret  
  92  6:27  Supply Depot, Marine  
  92  6:28  Combat Shield, Marine  
  92  6:30  SCV  
  95  6:35  SCV  
  95  6:37  Supply Depot, SCV  
  97  6:43  Medivac x2  
  97  6:46  Barracks  
  101  6:48  Marine  
  101  6:49  SCV x2  
  101  6:50  SCV  
  105  6:55  Supply Depot, Marine x2  
  105  6:57  Marine  
  105  7:00  Siege Tank  
  111  7:01  SCV  
  111  7:03  SCV  
  111  7:05  SCV  
  113  7:08  Barracks Reactor  
  113  7:13  SCV  
  113  7:14  Medivac, Marine  
  117  7:16  Marine  
  117  7:17  Medivac, Supply Depot  
  117  7:18  Marine  
  117  7:19  SCV  
  122  7:24  Supply Depot, SCV  
  122  7:26  Supply Depot  
  122  7:29  Marine  
  124  7:32  Armory, Refinery x2  
  124  7:38  Marine  
  124  7:39  Siege Tank, Marine  
  124  7:40  Barracks Reactor  
  124  7:44  Marine, SCV  
  126  7:53  Marine x2  
  126  7:56  Marine x3  
  127  8:01  Marine  
  127  8:03  Medivac  
  127  8:08  Marine  
  127  8:09  SCV  
  127  8:11  Medivac, Marine  
  127  8:12  Marine, SCV  
  129  8:14  Marine  
  129  8:15  Command Center  
  129  8:16  Marine x2  
  129  8:18  SCV  
  133  8:21  Marine  
  133  8:22  Marine x2  
  132  8:27  Marine  
  132  8:29  Marine  
  132  8:30  Marine  
  132  8:31  Siege Tank  
  135  8:37  Marine x2  
  135  8:40  Marine x2  
  118  8:41  Marine x2  
  118  8:42  SCV  
  118  8:43  SCV x2  
  118  8:44  Terran Infantry Armor Level 2, Terran Infantry Weapons Level 2  
  118  8:45  Factory  
  118  8:47  Marine x2  
  122  8:52  Marine  
  122  8:54  Marine  
  124  8:55  Supply Depot, Marine  
  124  8:57  Marine  
  124  9:01  Supply Depot x2  
  124  9:02  Marine, Terran Vehicle Weapons Level 1  
  127  9:03  Sensor Tower  
  127  9:05  Marine x2  
  127  9:06  Marine  
  127  9:07  Marine  
  127  9:09  Siege Tank  
  133  9:10  Marine  
  133  9:11  Viking  
  133  9:15  Marine x2  
  138  9:18  Marine  
  139  9:28  Marine x2  
  139  9:30  Marine x2  
  132  9:31  Factory Tech Lab  
  132  9:35  Marine x2  
  132  9:37  Marine  
  135  9:41  Siege Tank, SCV  
  135  9:42  SCV  
  140  9:46  Marine  
  140  9:48  Viking x2, Supply Depot  
  140  9:50  Supply Depot, Marine x2  
  140  9:52  Marine  
  147  9:53  Marine  
  147  9:55  Siege Tank  
  147  9:58  Marine, Refinery  
  147  9:59  Refinery  
  153  10:02  Marine  
  153  10:04  Marine x2  
  146  10:07  Marine  
  146  10:09  Marine x2  
  146  10:11  SCV  
  146  10:13  Siege Tank  
  147  10:20  Marine  
  131  10:22  Marine  
  131  10:23  Marine  
  131  10:26  Medivac x2, Marine  
  131  10:27  Siege Tank, Marine  
  141  10:28  Marine  
  141  10:30  Marine  
  141  10:31  Planetary Fortress  
  141  10:33  Marine  
  141  10:34  Marine  
  144  10:38  Marine  
  144  10:39  Marine  
  144  10:41  Marine  
  144  10:44  Marine  
  144  10:45  Marine  
  144  10:46  Siege Tank, Marine  
  144  10:47  Marine  
  144  10:48  Starport x2  
  151  10:51  Marine  
  151  10:52  Marine  
  151  10:56  Marine  
  154  10:57  Marine  
  154  10:59  Sensor Tower, Marine  
  154  11:02  Siege Tank  
  159  11:05  Marine x2  
  159  11:09  Marine  
  162  11:14  Marine  
  163  11:22  Marine  
  163  11:23  Marine  
  163  11:24  Marine x3  
  163  11:25  Marine  
  168  11:28  Marine  
  168  11:30  Starport Reactor  
  168  11:31  Starport Tech Lab, Viking x2  
  168  11:32  Siege Tank  
  178  11:34  Marine  
  178  11:41  Command Center  
  178  11:47  Marine x2  
  179  11:55  Missile Turret  
  179  11:56  Marine x2  
  179  11:57  Missile Turret  
  179  11:58  Marine  
  179  11:59  Missile Turret x2  
  179  12:00  Marine x2  
  183  12:01  Marine x2  
  183  12:02  Viking  
  183  12:03  Viking  
  183  12:05  Marine x2  
  191  12:12  Viking x2  
  191  12:14  Marine x2  
  197  12:25  Marine  
Tags
 
Add a new tag
Caveats
  • Supply blocks, unpowered buildings, or Contaminate may cause inaccurate times.
  • Supply counts are checked every 10 seconds.